 Dungeon Sprint DCSS version 0.16-a0-3781-g2316936 (console) character file.

11804 Monkaria the Severer (level 11, -2/112 HPs)
             Began as a Hill Orc Fighter on Jan 25, 2015.
             Was an Elder of Makhleb.
             Slain by the 27-headed Lernaean hydra (6 damage)
             ... in the Dungeon (Sprint I: "Red Sonja").
             The game lasted 00:28:25 (3153 turns).

Monkaria the Severer (Hill Orc Fighter)             Turns: 3153, Time: 00:28:25

Health: -2/112     AC: 29    Str: 29      XL:     11   Next: 83%
Magic:  4/36       EV:  9    Int: 10      God:    Makhleb [****..]
Gold:   664        SH: 15    Dex:  8 (10) Spells: 0 memorised, 10 levels left

rFire  + . .     SeeInvis .     a - +0 war axe
rCold  . . .     Clarity  .     w - +1 plate armour {rF+}
rNeg   . . .     SustAb   .     r - +2 shield {AC+3}
rPois  .         Gourm    .     (no helmet)
rElec  .         Spirit   .     x - +1 cloak {MR+}
rCorr  .         Warding  .     j - +2 pair of gloves "Skad" {Regen+ Str+4 Int+4}
rMut   .         NoTele   +     m - +0 pair of boots
MR     +....                    (no amulet)
Stlth  ..........               (no ring)
                                n - ring of magical power

@: somewhat resistant to hostile enchantments, extremely unstealthy
A: no striking features
a: Minor Destruction, Lesser Servant of Makhleb, Major Destruction, Renounce
Religion


You were in the Dungeon.
You worshipped Makhleb.
Makhleb was greatly pleased with you.
You were not hungry.

You visited 1 branch You collected 1605 gold pieces.
You spent 941 gold pieces at shops.

Inventory:

Hand weapons
 a - a +0 war axe (weapon)
 q - a +0 shortbow
Missiles
 d - 3 curare-tipped needles
 l - 22 poisoned needles
 z - 18 arrows
Armour
 j - the +2 pair of gloves "Skad" (worn) {Regen+ Str+4 Int+4}
   (You bought it in a shop in the Dungeon)

   It affects your strength (+4).
   It affects your intelligence (+4).
   It increases your rate of regeneration.
 m - a +0 pair of boots (worn)
 r - a +2 shield of protection (worn)
 t - the +2 hat of the Solstice {-Tele rN+ Int-5 Slay+3 Stlth+}
   (You found it in the Dungeon)

   It affects your intelligence (-5).
   It affects your accuracy and damage with ranged weapons and melee attacks
   (+3).
   It protects you from negative energy.
   It prevents most forms of teleportation.
   It makes you more stealthy.
 w - a +1 plate armour of fire resistance (worn)
 x - a +1 cloak of magic resistance (worn)
Rods
 o - a +0 lightning rod (3/12)
   (You found it in the Dungeon)
Jewellery
 n - a ring of magical power (left hand)
Potions
 c - a potion of might
 f - 5 potions of curing
 i - 2 potions of magic
Miscellaneous
 e - a disc of storms
 v - a box of beasts {used: 4}
Comestibles
 u - a meat ration


   Skills:
 - Level 15.0 Fighting
 - Level 18.5 Axes
 - Level 15.5 Armour
 - Level 5.0 Dodging
 - Level 11.8 Shields
 - Level 13.3 Invocations
 + Level 0.0 Evocations


You had 10 spell levels left.
You didn't know any spells.

Dungeon Overview and Level Annotations

Branches:
Dungeon (1/1)

Altars:
Cheibriados
Dithmenos
Elyvilon
Fedhas
Gozag
Kikubaaqudgha
Makhleb
Nemelex Xobeh
Okawaru
Qazlal
Ru
Sif Muna
Trog
Vehumet
Xom
Yredelemnul
Zin
The Shining One
Jiyva

Shops:
D :(*?*?%[*[(?(!=[?

Annotations:
D exclusion: door, Lernaean hydra


Message History

The 27-headed Lernaean hydra bites you but does no damage.
You block the 27-headed Lernaean hydra's attack.
The 27-headed Lernaean hydra barely misses you.
Unknown command.
The 27-headed Lernaean hydra burns!
The 27-headed Lernaean hydra bites you but does no damage.
The 27-headed Lernaean hydra closely misses you. x2
You block the 27-headed Lernaean hydra's attack.
The 27-headed Lernaean hydra bites you but does no damage. x2
The 27-headed Lernaean hydra bites you.
* * * LOW HITPOINT WARNING * * *
The 27-headed Lernaean hydra bites you but does no damage.
You block the 27-headed Lernaean hydra's attack.
The 27-headed Lernaean hydra barely misses you.
You block the 27-headed Lernaean hydra's attack. x3
The 27-headed Lernaean hydra bites you but does no damage. x2
The 27-headed Lernaean hydra barely misses you.
The 27-headed Lernaean hydra bites you but does no damage.
The 27-headed Lernaean hydra bites you.
You die...

###..# #.'..#
#^##'##
#§#≈≈≈##
#§#≈≈≈≈##
§§#≈≈≈≈≈#
####≈≈≈≈#≈≈≈≈
#..#'≈≈≈'≈≈.≈
#.@.##≈≈#≈≈≈≈
#.D..######'
#....# ######


You could see the 27-headed Lernaean hydra (burning).

Vanquished Creatures
  2 centaur warriors (D)
  A flayed ghost (D)
  2 unseen horrors (D)
  A deep troll (D)
  A lindwurm (D)
  An oklob plant (D)
  A gargoyle (D)
  2 kobold demonologists (D)
  4 demonic crawlers (D)
  A freezing wraith (D)
  A blue devil (D)
  A slime creature (D)
  4 trapdoor spiders (D)
  A yak (D)
  A vampire (D)
  13 hogs (D)
  7 necrophages (D)
  An ogre (D)
  2 wasps (D)
  Sigmund (D)
  8 jellies (D)
  A chimera (D)
  Ijyb (D)
  A shadow imp (D)
  A white imp (D)
  2 giant eyeballs (D)
  An ufetubus (D)
  A spectral adder (D)
  A bat zombie (D)
  4 ballistomycetes (D)
69 creatures vanquished.

Vanquished Creatures (collateral kills)
  A deep elf annihilator (D)
  A mummy priest (D)
  3 jiangshi (D)
  A hydra (D)
  An ice devil (D)
  A shadow wraith (D)
  An oklob plant (D)
  A phantasmal warrior (D)
  2 sirens (D)
  A hellwing (D)
  A ynoxinul (D)
  3 flying skulls (D)
  A wraith (D)
  2 shadows (D)
  2 vampires (D)
  3 wasps (D)
  3 wights (D)
  A mummy (D)
  A giant eyeball (D)
  2 adder simulacra (D)
  A spectral bat (D)
  A bat zombie (D)
34 creatures vanquished.

Vanquished Creatures (others)
  A cacodemon (D)
  3 green deaths (D)
  2 blizzard demons (D)
  A gargoyle (D)
  Sonja (D)
  3 chimeras (D)
  2 giant spores (D)
13 creatures vanquished.

Grand Total: 116 creatures vanquished

Notes
Turn   | Place    | Note
--------------------------------------------------------------
     0 | D        | Monkaria, the Hill Orc Fighter, began the quest for the Orb.
     0 | D        | Reached XP level 1. HP: 19/19 MP: 1/1
     2 | D        | Noticed Ijyb
    12 | D        | Killed Ijyb
    12 | D        | Reached skill level 5 in Fighting
    12 | D        | Reached skill level 6 in Axes
    12 | D        | Reached XP level 2. HP: 15/29 MP: 2/2
   162 | D        | Noticed an ogre
   166 | D        | Killed an ogre
   166 | D        | Reached skill level 7 in Fighting
   166 | D        | Reached skill level 9 in Axes
   166 | D        | Reached XP level 3. HP: 33/39 MP: 3/3
   166 | D        | Reached XP level 4. HP: 39/47 MP: 4/4
   219 | D        | Noticed Sigmund
   229 | D        | Killed Sigmund
   229 | D        | Reached skill level 11 in Axes
   229 | D        | Reached XP level 5. HP: 6/53 MP: 5/5
   525 | D        | Found a deep blue altar of Sif Muna.
   526 | D        | Noticed a jelly
   527 | D        | Found a radiant altar of Vehumet.
   531 | D        | Killed a jelly
   531 | D        | Reached skill level 12 in Axes
   595 | D        | Found Libb's Weapon Emporium.
   595 | D        | Found a white marble altar of Elyvilon.
   595 | D        | Found a stormy altar of Qazlal.
   595 | D        | Found a burning altar of Makhleb.
   595 | D        | Found a sacrificial altar of Ru.
   595 | D        | Found a basalt altar of Yredelemnul.
   595 | D        | Found a glowing golden altar of the Shining One.
   595 | D        | Found a sparkling altar of Nemelex Xobeh.
   595 | D        | Found a shimmering altar of Xom.
   595 | D        | Found an opulent altar of Gozag.
   595 | D        | Found an ancient bone altar of Kikubaaqudgha.
   595 | D        | Found a glowing silver altar of Zin.
   595 | D        | Noticed a yak
   605 | D        | Killed a yak
   605 | D        | Reached XP level 6. HP: 36/70 MP: 6/6
   606 | D        | Found an iron altar of Okawaru.
   607 | D        | Found a bloodstained altar of Trog.
   613 | D        | Became a worshipper of Makhleb the Destroyer
   772 | D        | Found a viscous altar of Jiyva.
   772 | D        | Found a blossoming altar of Fedhas.
   772 | D        | Noticed a slime creature
   773 | D        | Found a snail-covered altar of Cheibriados.
   773 | D        | Found a shadowy altar of Dithmenos.
   787 | D        | Killed a slime creature
   787 | D        | Reached skill level 14 in Axes
   787 | D        | Reached XP level 7. HP: 35/75 MP: 7/7
   973 | D        | Noticed a centaur warrior
   978 | D        | Noticed a centaur warrior
   984 | D        | Killed a centaur warrior
   984 | D        | Acquired Makhleb's first power
   984 | D        | Reached skill level 18 in Axes
   984 | D        | Reached XP level 8. HP: 83/83 MP: 8/8
   989 | D        | Killed a centaur warrior
   989 | D        | Reached skill level 15 in Fighting
   989 | D        | Reached XP level 9. HP: 97/97 MP: 9/9
  1126 | D        | Noticed a wasp
  1130 | D        | Killed a wasp
  1130 | D        | Acquired Makhleb's second power
  1181 | D        | Noticed an oklob plant
  1195 | D        | Killed an oklob plant
  1312 | D        | Noticed a deep troll
  1328 | D        | Killed a deep troll
  1328 | D        | Reached skill level 10 in Armour
  1340 | D        | Found Utetwask's Armour Emporium.
  1347 | D        | Bought the +2 pair of gloves "Skad" {Regen+ Str+4 Int+4} for 459 gold pieces
  1350 | D        | Killed a gargoyle
  1444 | D        | Noticed Sonja
  1484 | D        | Killed Sonja
  1579 | D        | Found Nihuorai's Book Boutique.
  1667 | D        | Noticed a shining eye
  1667 | D        | Noticed a shining eye
  1737 | D        | Noticed a trapdoor spider
  1751 | D        | Killed a trapdoor spider
  1751 | D        | Reached skill level 5 in Shields
  1787 | D        | Noticed a trapdoor spider
  1788 | D        | Noticed a trapdoor spider
  1790 | D        | Killed a trapdoor spider
  1790 | D        | Acquired Makhleb's third power
  1790 | D        | Reached XP level 10. HP: 93/105 MP: 10/10
  1800 | D        | Killed a trapdoor spider
  1809 | D        | Noticed a trapdoor spider
  1819 | D        | Killed a trapdoor spider
  1930 | D        | Killed an unseen horror
  1930 | D        | Acquired Makhleb's fourth power
  1930 | D        | Reached skill level 10 in Shields
  1933 | D        | Killed an unseen horror
  1975 | D        | Noticed a jelly
  1975 | D        | Noticed a jelly
  1975 | D        | Noticed a jelly
  1979 | D        | Noticed a jelly
  1979 | D        | Noticed a jelly
  1979 | D        | Noticed a jelly
  1980 | D        | Noticed a jelly
  1987 | D        | Killed a jelly
  1989 | D        | Killed a jelly
  1989 | D        | Reached skill level 1 in Dodging
  1994 | D        | Killed a jelly
  1994 | D        | Acquired Makhleb's fifth power
  1995 | D        | Killed a jelly
  1996 | D        | Killed a jelly
  2000 | D        | Killed a jelly
  2004 | D        | Killed a jelly
  2056 | D        | Noticed a necrophage
  2057 | D        | Noticed a necrophage
  2057 | D        | Noticed a necrophage
  2077 | D        | Killed a necrophage
  2079 | D        | Killed a necrophage
  2086 | D        | Killed a necrophage
  2095 | D        | Noticed a necrophage
  2095 | D        | Noticed a necrophage
  2114 | D        | Killed a necrophage
  2118 | D        | Killed a necrophage
  2124 | D        | Noticed a necrophage
  2124 | D        | Noticed a necrophage
  2140 | D        | Killed a necrophage
  2147 | D        | Killed a necrophage
  2147 | D        | Reached skill level 5 in Dodging
  2168 | D        | Got a warped hat
  2195 | D        | Identified the +2 hat of the Solstice {-Tele rN+ Int-5 Slay+3 Stlth+} (You found it in the Dungeon)
  2203 | D        | Found Mit Oqaaj's Magic Scroll Shoppe.
  2203 | D        | Found Aschabaer's Assorted Antiques.
  2203 | D        | Found Istaid's Assorted Antiques.
  2205 | D        | Found Pnonoxem's Magic Scroll Emporium.
  2205 | D        | Found Heh Teap's Food Shop.
  2205 | D        | Found Jynasaiq's Antique Armour Shoppe.
  2205 | D        | Found Vowk's General Store.
  2205 | D        | Found Chad Icw's Armour Emporium.
  2205 | D        | Found Bamong's Antique Weapon Shop.
  2205 | D        | Found Qehar's Magic Scroll Shoppe.
  2205 | D        | Found Kuesm's Weapon Boutique.
  2209 | D        | Found Juipo's Jewellery Emporium.
  2209 | D        | Found Osame's Distillery.
  2210 | D        | Found Pulioqy's Magic Scroll Emporium.
  2221 | D        | Bought a potion of might for 40 gold pieces
  2221 | D        | Bought a potion of curing for 30 gold pieces
  2242 | D        | Bought a glowing plate armour for 345 gold pieces
  2242 | D        | Bought a glowing cloak for 67 gold pieces
  2322 | D        | Noticed a kobold demonologist
  2323 | D        | Noticed a kobold demonologist
  2334 | D        | Killed a kobold demonologist
  2341 | D        | Killed a kobold demonologist
  2391 | D        | Noticed a demonic crawler
  2391 | D        | Noticed a demonic crawler
  2391 | D        | Noticed a demonic crawler
  2391 | D        | Noticed a demonic crawler
  2407 | D        | Killed a demonic crawler
  2418 | D        | Killed a demonic crawler
  2418 | D        | Reached XP level 11. HP: 112/112 MP: 11/11
  2424 | D        | Killed a demonic crawler
  2432 | D        | Killed a demonic crawler
  2450 | D        | Noticed a lindwurm
  2459 | D        | Killed a lindwurm
  2471 | D        | Noticed a gargoyle
  2487 | D        | Killed a gargoyle
  2507 | D        | Noticed a hog
  2507 | D        | Noticed a hog
  2507 | D        | Noticed a hog
  2507 | D        | Noticed a hog
  2507 | D        | Noticed a hog
  2508 | D        | Noticed a hog
  2508 | D        | Noticed a hog
  2508 | D        | Noticed a hog
  2508 | D        | Noticed a hog
  2509 | D        | Noticed a hog
  2509 | D        | Noticed a hog
  2510 | D        | Killed a hog
  2514 | D        | Noticed a hog
  2515 | D        | Killed a hog
  2522 | D        | Killed a hog
  2522 | D        | Reached skill level 15 in Armour
  2525 | D        | Killed a hog
  2530 | D        | Killed a hog
  2539 | D        | Killed a hog
  2540 | D        | Killed a hog
  2541 | D        | Killed a hog
  2548 | D        | Killed a hog
  2549 | D        | Noticed a hog
  2562 | D        | Killed a hog
  2562 | D        | Reached skill level 5 in Invocations
  2566 | D        | Killed a hog
  2568 | D        | Killed a hog
  2572 | D        | Killed a hog
  2597 | D        | Noticed a 12-headed hydra
  2610 | D        | Killed a 12-headed hydra
  2630 | D        | Noticed a siren
  2631 | D        | Noticed a hellwing
  2631 | D        | Noticed a deep elf annihilator
  2632 | D        | Noticed a siren
  2634 | D        | Killed a siren
  2635 | D        | Noticed a wasp
  2635 | D        | Noticed a wasp
  2636 | D        | Noticed a wasp
  2637 | D        | Killed a hellwing
  2637 | D        | Reached skill level 10 in Invocations
  2639 | D        | Killed a siren
  2643 | D        | Noticed a wasp
  2644 | D        | Killed a wasp
  2645 | D        | Killed a wasp
  2646 | D        | Killed a wasp
  2648 | D        | Killed a deep elf annihilator
  2650 | D        | Killed a wasp
  2656 | D        | Noticed a mummy priest
  2663 | D        | Noticed a flayed ghost
  2671 | D        | Noticed a jiangshi
  2671 | D        | Killed a flayed ghost
  2678 | D        | Killed a jiangshi
  2680 | D        | Noticed a jiangshi
  2681 | D        | Noticed an oklob plant
  2682 | D        | Killed a jiangshi
  2684 | D        | Noticed an ice devil
  2692 | D        | Killed an ice devil
  2860 | D        | Noticed a jiangshi
  2877 | D        | HP: 4/112 [poison (a needle trap)]
  2895 | D        | Killed a jiangshi
  3059 | D        | Killed a shadow wraith
  3062 | D        | Killed a mummy priest
  3072 | D        | Killed an oklob plant
  3092 | D        | Noticed the 27-headed Lernaean hydra
  3132 | D        | Drew Focus: Str increased to 24, Int decreased to 7
  3134 | D        | Drew Focus: Str increased to 25, Int decreased to 6
  3153 | D        | HP: 4/112 [the 27-headed Lernaean hydra (4)]
  3153 | D        | Slain by the 27-headed Lernaean hydra

Action                   |  1- 3 |  4- 6 |  7- 9 | 10-12 || total
-------------------------+-------+-------+-------+-------++-------
Melee: War axe           |    13 |    36 |    77 |   258 ||   384
 Fire: Shortbow          |       |       |       |    18 ||    18
Invok: Greater Servant o |       |       |       |     9 ||     9
       Major Destruction |       |       |       |     1 ||     1
Evoke: Deck              |       |       |       |     5 ||     5
       Box of beasts     |       |       |       |     5 ||     5
       Rod               |       |       |       |     3 ||     3
       Disc of storms    |       |       |       |     3 ||     3
  Use: Potion            |       |       |     3 |     1 ||     4
       Scroll            |       |       |       |     3 ||     3
  Eat: Meat ration       |       |       |     1 |     1 ||     2
       Chunk             |       |       |     1 |     1 ||     2
